 Dungeon Crawl Stone Soup version 0.26-a0-661-g406de6ba63 (webtiles) character file.

Game seed: 6361821424500963428

419 strifetoe the Conjurer (level 6, 0/48 HPs)
             Began as a Palentonga Hedge Wizard on Oct 8, 2020.
             Was an Initiate of Okawaru.
             Slain by an ogre
             ... wielding a +0 giant spiked club
              (15 damage)
             ... on level 5 of the Dungeon.
             The game lasted 00:12:11 (6753 turns).

strifetoe the Conjurer (Palentonga Hedge Wizard)    Turns: 6753, Time: 00:12:12

Health: 0/48       AC: 10    Str: 16    XL:     6   Next: 62%
Magic:  6/10       EV: 10    Int: 14    God:    Okawaru [......]
Gold:   286        SH:  0    Dex:  9    Spells: 4/11 levels left

rFire    . . .     SeeInvis +   j - +0 short sword
rCold    . . .     Faith    .   (no shield)
rNeg     . . .     Spirit   .   b - +0 robe
rPois    .         Reflect  .   c - +0 hat
rElec    .         Harm     .   z - +0 cloak
rCorr    .         Rampage  .   k - +0 pair of gloves
MR       .....                  (no barding)
Stlth    +.........             (no amulet)
HPRegen  0.16/turn              v - +4 ring of protection
MPRegen  0.12/turn              (no ring)

@: no status effects
A: large, rugged brown scales 3, see invisible, deformed body, roll, armoured
tail
a: Rolling Charge, Renounce Religion


You were on level 5 of the Dungeon.
You worshipped Okawaru.
Okawaru was noncommittal.
You visited 2 branches of the dungeon, and saw 6 of its levels.
You also visited: Sewer.

You collected 286 gold pieces.

Inventory:

Hand Weapons
 a - a +0 dagger
 j - a +0 short sword (weapon)
Armour
 b - a +0 robe (worn)
 c - a +0 hat (worn)
 k - a +0 pair of gloves (worn)
 x - a +0 buckler
 z - a +0 cloak (worn)
 A - a scarf of invisibility
Jewellery
 v - a +4 ring of protection (left hand)
Scrolls
 d - a scroll of random uselessness {unknown}
 g - 2 scrolls of fog {unknown}
 h - a scroll of magic mapping {unknown}
 i - 2 scrolls of blinking {unknown}
 l - 3 scrolls of remove curse {unknown}
 n - 2 scrolls of identify
 p - 2 scrolls of teleportation {unknown}
 r - a scroll of enchant armour {unknown}
 s - 2 scrolls of enchant weapon {unknown}
 t - a scroll of fear {unknown}
 y - a scroll of amnesia {unknown}
Potions
 e - a potion of curing
 f - a potion of cancellation
 o - 5 potions of flight
 q - a potion of haste
 u - 2 potions of stabbing
 w - a potion of might


   Skills:
 - Level 1.5 Dodging
 - Level 1.2 Stealth
 - Level 1.7 Unarmed Combat
 - Level 3.0 Spellcasting
 + Level 3.6 Conjurations
   Level 0.7 Summonings
   Level 1.0 Translocations
 - Level 2.2 Fire Magic
 - Level 2.1 Air Magic
 - Level 2.1 Poison Magic


You had 4 spell levels left.
You knew the following spells:

 Your Spells              Type           Power        Failure   Level
a - Magic Dart            Conj           ##..         4%          1
b - Conjure Flame         Conj/Fire      ##......     19%         3
c - Mephitic Cloud        Conj/Pois/Air  #.......     22%         3

Your spell library contained the following spells:

 Spells                   Type           Power        Failure   Level
 Blink                    Tloc           N/A          22%         2
 Call Imp                 Summ           #.......     24%         2
 Slow                     Hex            #.......     32%         2


Dungeon Overview and Level Annotations

Branches:
Dungeon (5/15)             Temple (1/1) D:4           Sewer (visited)

Altars:
Ashenzari
Cheibriados
Dithmenos
Elyvilon
Fedhas
Gozag
Hepliaklqana
Kikubaaqudgha
Makhleb
Nemelex Xobeh
Okawaru
Qazlal
Ru
Sif Muna
Trog
Uskayaw
Vehumet
Wu Jian
Xom
Yredelemnul
Zin
The Shining One

Shops:
D:4 *

Annotations:
D:3 exclusion: downstairs


Innate Abilities, Weirdness & Mutations

You are completely covered in rugged brown scales. (AC +3, +7% HP)
You have supernaturally acute eyesight. (SInv)
Armour fits poorly on your strangely shaped body.
You can roll at foes to attack.
You have a long armoured tail.


Message History

The ogre is severely wounded.
The ogre hits you with a +0 giant spiked club!
* * * LOW HITPOINT WARNING * * *
Unknown command.
Your magical contamination has completely faded away.
A hound comes into view.
You aren't carrying any items that you can evoke.
Unknown command.
Casting: Magic Dart (safe; 4% risk of failure)
Confirm with . or Enter, or press ? or * to list all spells.
Okay, then.
Casting: Magic Dart (safe; 4% risk of failure)
Confirm with . or Enter, or press ? or * to list all spells.
Aiming: Magic Dart (safe; 4% risk of failure)
Press: ? - help, Shift-Dir - straight line, f/p - ogre
Aim: an ogre, wielding a +0 giant spiked club (severely wounded)
The magic dart hits the ogre.
The ogre is almost dead.
The ogre hits you with a +0 giant spiked club!
You die...

#.#...#####.#
#..........#
#.###...#######
#.......#
######.## #.# +##
#.# ....
#.######## .....
#.....@O.#......
##....###........
#................
#.....###........
#....<# #h#......
##.##.# #.##.<...
#.##.# #.. ....#
#. ... ..# ..##
## #.# .## #.#


You could see an ogre.

Vanquished Creatures
  A centaur (D:3)
  2 hounds (D:4)
  A centaur skeleton (D:4)
  A worker ant (D:4)
  10 adders
  3 oozes (Sewer)
  4 worms
  4 dart slugs
  5 leopard geckos
  2 orcs (D:3)
  3 ball pythons
  7 giant cockroaches
  4 goblins
  8 hobgoblins
  9 jackals
  A quokka (D:4)
  20 bats
  6 frilled lizards
  5 kobolds
  14 rats
110 creatures vanquished.

Notes
Turn   | Place    | Note
-------+----------+-------------------------------------------
     0 | D:1      | strifetoe the Palentonga Hedge Wizard began the quest for
                  | the Orb.
     0 | D:1      | Reached XP level 1. HP: 14/14 MP: 4/4
    40 | D:1      | Reached skill level 1 in Conjurations
    68 | D:1      | Reached skill level 1 in Unarmed Combat
   143 | D:1      | Reached XP level 2. HP: 20/21 MP: 6/6
  1035 | D:1      | Reached XP level 3. HP: 25/27 MP: 7/7
  2183 | D:2      | Learned a level 3 spell: Conjure Flame
  2187 | D:2      | Learned a level 3 spell: Mephitic Cloud
  2871 | D:2      | Reached XP level 4. HP: 34/35 MP: 8/8
  2941 | D:3      | Reached skill level 1 in Poison Magic
  3019 | D:3      | Reached skill level 1 in Air Magic
  3141 | D:3      | Found a radiant altar of Vehumet.
  3141 | D:3      | Found a bloodstained altar of Trog.
  3142 | D:3      | Found an opulent altar of Gozag.
  3215 | D:3      | Noticed a centaur
  3231 | D:3      | Killed a centaur
  3231 | D:3      | Reached XP level 5. HP: 32/40 MP: 9/9
  3723 | D:3      | Reached skill level 1 in Fire Magic
  3942 | D:4      | Found Lmor's Luxury Loot.
  3943 | D:4      | Found a glowing drain.
  4279 | Sewer    | Entered a sewer
  4432 | Sewer    | Reached XP level 6. HP: 48/48 MP: 10/10
  5316 | D:4      | Found a staircase to the Ecumenical Temple.
  5367 | Temple   | Entered the Ecumenical Temple
  5535 | Temple   | Became a worshipper of Warmaster Okawaru
  6291 | D:4      | Found a glowing golden altar of the Shining One.
  6686 | D:5      | Entered Level 5 of the Dungeon
  6753 | D:5      | Slain by an ogre

Illustrated notes

Levels and vault maps discovered:
D:1:      dpeg_arrival_oval, layout_basic
D:2:      layout_basic
D:3:      layout_loops_ring, gammafunk_temple_overflow_claw
D:4:      minmay_spotlight, layout_loops_ring, old_standard_altar,
          minmay_temple_entry_grid, cheibrodos_sewer_entry_drain,
          nicolae_alphabet_shops
D:5:      lemuel_castle_with_subvaults [lemuel_castle_interior_carwin_1],
          layout_loops_corners, serial_shops,
          nicolae_shop_competitors_out_of_business
Temple:   compressed_dpeg_circular_temple

Skill      XL: |  1  2  3  4  5  6 |
---------------+-------------------+-----
Conjurations   | 1 2 3 |  3.6
Unarmed Combat | 1 |  1.7
Poison Magic   | 2 |  2.1
Air Magic      | 2 |  2.1
Fire Magic     | 1 2 |  2.2
Dodging        | |  1.5
Stealth        | |  1.2
Spellcasting   | |  3.0
Summonings     | |  0.7
Translocations | |  1.0

Action                   |  1- 3 |  4- 6 || total
-------------------------+-------+-------++-------
Melee: Dagger            |    48 |       ||    48
       Tailslap          |    10 |    28 ||    38
       Short sword       |   107 |   237 ||   344
 Cast: Magic Dart        |    28 |    25 ||    53
       Conjure Flame     |       |     1 ||     1
       Mephitic Cloud    |       |     1 ||     1
Evoke: Wand              |       |     7 ||     7
  Use: Potion            |     3 |     4 ||     7
       Scroll            |       |     6 ||     6
 Stab: Sleeping          |     3 |       ||     3
Armor: Robe              |    87 |   153 ||   240
Dodge: Dodged            |   104 |   156 ||   260

Table legend: (Time is in decaauts)
 A = Elapsed time spent in this place.
 B = Non-inter-level travel time spent in this place.
 C = Inter-level travel time spent in this place.
 D = Time resting spent in this place.
 E = Time spent auto-exploring this place.
 F = Levels seen in this place.
 G = Mean time per level.
                   A        B        C        D        E       F      G
               +--------+--------+--------+--------+--------+-----+--------+
         Total |   6961 |   6811 |    150 |   1748 |   3512 |   7 |  994.4 |
       Dungeon |   5569 |   5419 |    150 |   1317 |   3130 |   5 | 1113.8 |
        Temple |    204 |    204 |      0 |    121 |      0 |   1 |  204.0 |
         Sewer |   1187 |   1187 |      0 |    310 |    382 |   1 | 1187.0 |
               +--------+--------+--------+--------+--------+-----+--------+

Top non-repeatable levels by time:
     D:3: 1836 daAuts
     D:1: 1832 daAuts
   Sewer: 1187 daAuts
     D:2: 1102 daAuts
     D:4: 731 daAuts
  Temple: 204 daAuts
     D:5: 66 daAuts
